 Dungeon Crawl Stone Soup version 0.29.1-1-gd02db6906a (webtiles) character file.

Game seed: 45229319588222673

39 sentinel the Digger (level 3, -1/26 HPs)
             Began as a Meteoran Earth Elementalist on Oct 16, 2022.
             Slain by an ogre
             ... wielding a +0 giant club
              (27 damage)
             ... on level 4 of the Dungeon.
             The game lasted 00:02:28 (387 turns).

sentinel the Digger (Meteoran Earth Elementalist)    Turns: 387, Time: 00:02:28

Health: -1/26      AC:  3    Str: 10    XL:     3   Next: 94%
Magic:  3/8        EV: 12    Int: 18    God:
Gold:   11         SH:  0    Dex: 14    Spells: 1/8 levels left

rFire   . . .      SeeInvis .   c - +1 dagger (drain)
rCold   . . .      Faith    .   (no shield)
rNeg    . . .      Spirit   .   a - +0 robe
rPois   .          Reflect  .   (no helmet)
rElec   .          Harm     .   (no cloak)
rCorr   .          Rampage  .   d - +0 pair of gloves
Will    .....                   (no boots)
Stlth   +.........              (no amulet)
HPRegen 0.08/turn               (no ring)
MPRegen 0.11/turn               (no ring)

@: very slightly contaminated, glowing
A: sense surroundings 1, otherworldly, glowing, explore regen
a: no special abilities


You were on level 4 of the Dungeon.
You visited 1 branch of the dungeon, and saw 5 of its levels.

You collected 11 gold pieces.

Inventory:

Hand Weapons
 c - a +1 dagger of draining (weapon)
Armour
 a - a +0 robe (worn)
 d - a +0 pair of gloves (worn)
Jewellery
 g - an amulet of faith
Wands
 I - a wand of roots (6)
Scrolls
 h - a scroll of acquirement
 j - a scroll of blinking {unknown}
 u - a scroll of magic mapping
Potions
 b - a potion of magic
 i - a potion of attraction {unknown}


   Skills:
 - Level 2.4 Dodging
 - Level 1.4 Stealth
 + Level 3.1 Spellcasting
 * Level 0.0 Conjurations
 + Level 1.4 Translocations
 - Level 1.2 Transmutations
 - Level 4.7 Earth Magic


You had one spell level left.
You knew the following spells:

 Your Spells              Type           Power      Damage    Failure   Level
a - Sandblast             Erth           38%        2d10      2%          1
b - Stone Arrow           Conj/Erth      22%        3d8       19%         3
c - Passwall              Tmut/Erth      10%        N/A       7%          2
g - Apportation           Tloc           16%        N/A       9%          1

Your spell library contained the following spells:

 Spells                   Type           Power      Damage    Failure   Level
 Necrotise                Necr           8%         1d4       16%         1
 Summon Small Mammal      Summ           8%         N/A       16%         1
 Petrify                  Tmut/Erth      13%        N/A       43%         4


Dungeon Overview and Level Annotations

Branches:
Dungeon (5/15) Zot: 2596
 Temple: D:4-7

Altars:

Annotations:
D:5 Ijyb


Innate Abilities, Weirdness & Mutations

You passively map a small area around you.
You are easily found by Zot.
You glow in the dark.
You regain HP and MP as you explore.


Message History

You kill the ball python!
You can't see any susceptible monsters within range! (Use Z to cast anyway.)
A ball python comes into view.
Found a short sword.
The ball python hisses angrily.
A ball python is nearby!
A ball python is nearby!
Found a stone staircase leading up.
The blast of sand hits the ball python!
You kill the ball python!
You can't see any susceptible monsters within range! (Use Z to cast anyway.)
You can't see any susceptible monsters within range! (Use Z to cast anyway.)
Found a spear.
There is a stone staircase leading up here.
You climb upwards.
Found 25 gold pieces.
There is a stone staircase leading down here.
You climb downwards.
You hear the sound of rushing water.
There is an entrance to a sewer on this level.
Hurry and find it before the portal rusts away!
There is a stone staircase leading up here.
Found 11 gold pieces.
Found a runed pearl amulet.
Found a robe and a scroll labelled FIOGIG JUDYMIULIO.
Found a stone staircase leading down.
Found a bubbling dark potion.
Found a ring mail.
Autopickup is now off.
You see here an amulet of faith.
Casting: Sandblast (safe; 2% risk of failure)
Confirm with . or Enter, or press ? or * to list all spells.
Aiming: Apportation (safe; 9% risk of failure)
Press: ? - help, Dir - move target Apport: a scroll labelled FIOGIG JUDYMIULIO Yoink!
You pull the item towards yourself.
Casting: Apportation (safe; 9% risk of failure)
Confirm with . or Enter, or press ? or * to list all spells.
Aiming: Apportation (safe; 9% risk of failure)
Press: ? - help, Dir - move target Apport: a bubbling dark potion Yoink!
You pull the item towards yourself.
g - an amulet of faith;
h - a scroll labelled FIOGIG JUDYMIULIO
i - a bubbling dark potion
Okay, then.
There is a stone staircase leading down here.
You climb downwards.
Magic restored.
Found a scroll labelled LUATZUSEORPH.
There is a stone staircase leading up here.
You see here a scroll labelled LUATZUSEORPH.
j - a scroll labelled LUATZUSEORPH
There is a stone staircase leading up here.
Okay, then.
This spell is quite dangerous to cast!
Memorise Stone Arrow, consuming 3 spell levels and leaving 1?
You start memorising the spell.
You continue memorising. x3
You finish memorising.
Spell assigned to 'b'.
You open the door.
Found 11 gold pieces.
Found a stone staircase leading down.
There is an open door here.
Found a scroll labelled XITIUVOIRPH.
You open the door.
A hobgoblin comes into view.
Found 6 stones.
There is an open door here.
The blast of sand hits the hobgoblin!
You kill the hobgoblin!
You can't see any susceptible monsters within range! (Use Z to cast anyway.)
You can't see any susceptible monsters within range! (Use Z to cast anyway.)
Casting: Sandblast (safe; 2% risk of failure)
Confirm with . or Enter, or press ? or * to list all spells.
Aiming: Apportation (safe; 9% risk of failure)
Press: ? - help, Dir - move target Apport: a scroll labelled XITIUVOIRPH Yoink!
You pull the item towards yourself.
Casting: Apportation (safe; 9% risk of failure)
Confirm with . or Enter, or press ? or * to list all spells.
Aiming: Apportation (safe; 9% risk of failure)
Press: ? - help, Dir - move target Apport: a scroll labelled XITIUVOIRPH
Okay, then.
Autopickup is now on.
f - 2 scrolls labelled XITIUVOIRPH (gained 1)
Casting: Apportation (safe; 9% risk of failure)
Confirm with . or Enter, or press ? or * to list all spells.
Aiming: Apportation (safe; 9% risk of failure)
Press: ? - help, Dir - move target Apport: 11 gold pieces Yoink!
You pull the items towards yourself.
You now have 11 gold pieces.
You open the door.
There is a stone staircase leading down here.
You climb downwards.
Ijyb shouts!
The iguana hisses angrily.
The adder hisses angrily.
You hear a shout!
Found a robe, a leather armour and a mace.
Found a stone staircase leading down.
There is a stone staircase leading up here.
The hound barks!
You climb upwards.
There is a stone staircase leading down here.
You open the door.
There is an open door here.
As you read the scroll labelled XITIUVOIRPH, it crumbles to dust.
It is a scroll of identify.
e - a scroll of magic mapping;
u - a scroll of magic mapping
r - a scroll of identify
As you read the scroll of identify, it crumbles to dust.
h - a scroll of acquirement
Casting: Apportation (safe; 9% risk of failure)
Confirm with . or Enter, or press ? or * to list all spells.
Aiming: Passwall (safe; 7% risk of failure)
Press: ? - help, Dir - move target A rock wall.
You begin to meditate on the wall.
You continue meditating on the rock. x2
You finish merging with the rock.
Found an ivory wand.
I - a wand of roots (7)
You open the door.
Found a short sword.
There is an open door here.
You open the door.
There is an open door here.
Found a robe.
Found a stone staircase leading up.
An ogre comes into view. It is wielding a +0 giant club.
The ogre shouts!
There is a stone staircase leading up here.
Casting: Passwall (safe; 7% risk of failure)
Confirm with . or Enter, or press ? or * to list all spells.
Aiming: Stone Arrow (quite dangerous; 19% risk of failure)
Press: ? - help, Shift-Dir - straight line, f - ogre
Aim: an ogre, wielding a +0 giant club (85% to hit)
You miscast Stone Arrow.
You are very lightly contaminated with residual magic.
Nothing appears to happen.
The ogre hits you but does no damage.
Casting: Stone Arrow (quite dangerous; 19% risk of failure)
Confirm with . or Enter, or press ? or * to list all spells.
Aiming: Stone Arrow (quite dangerous; 19% risk of failure)
Press: ? - help, Shift-Dir - straight line, f/p - ogre
Aim: an ogre, wielding a +0 giant club (85% to hit)
The stone arrow hits the ogre.
The ogre is lightly wounded.
Aiming: Fastroot
Press: ? - help, Shift-Dir - straight line, f/p - ogre
Aim: an ogre, wielding a +0 giant club (lightly wounded)
The roots erupt in riotous growth!
Roots grab the ogre.
The grasping roots constrict the ogre!
The ogre hits you with a +0 giant club!!
Ouch! That really hurt!
You die...

##.....).## ##.#.#
* ##.....## ###.#
##...## #.## ##+#
#..# , ##.# * * #.#
## #.# , ##...####
#.# , #.....O@##
#.# ,
*##...###.#######.#
, , ## #.........#
* *#.######### , ,
, ,.[## , ** * ###*
* *


You could see an ogre (rooted).

Vanquished Creatures
  An adder (D:2)
  A dart slug (D:1)
  2 ball pythons (D:3)
  2 endoplasms (D:1)
  A giant cockroach (D:1)
  5 goblins (D:1)
  2 hobgoblins
  2 jackals (D:1)
  A kobold (D:1)
  A quokka (D:1)
  5 bats (D:1)
  2 rats
25 creatures vanquished.

Notes
Turn   | Place    | Note
-------+----------+-------------------------------------------
     0 | D:1      | sentinel the Meteoran Earth Elementalist began the quest
                  | for the Orb.
     0 | D:1      | Reached XP level 1. HP: 14/14 MP: 5/5
    47 | D:1      | Reached skill level 4 in Earth Magic
    74 | D:1      | Reached XP level 2. HP: 20/20 MP: 4/6
   114 | D:1      | Learned a level 1 spell: Apportation
   123 | D:1      | Learned a level 2 spell: Passwall
   147 | D:1      | Reached XP level 3. HP: 20/26 MP: 1/8
   163 | D:1      | Reached skill level 1 in Translocations
   182 | D:2      | Found a faded altar of an unknown god.
   279 | D:4      | Learned a level 3 spell: Stone Arrow
   310 | D:5      | Entered Level 5 of the Dungeon
   310 | D:5      | Noticed Ijyb
   326 | D:4      | Identified a scroll of acquirement
   383 | D:4      | Noticed an ogre
   387 | D:4      | Slain by an ogre

Illustrated notes

Levels and vault maps discovered:
D:1:      minmay_arrival_four_circles, layout_rooms, serial_glass,
          glass_columns_a, glass_columns_a, minmay_strange_pillars,
          item_on_display_a, feat_on_display
D:2:      layout_basic, shapermc_ecumenical_altar_acropolis, minmay_rat_hole
D:3:      layout_rooms, zin_angel, mainiacjoe_overflow_alcove_1,
          nicolae_yredelemnul_ghost_church, portal_sewer_entry_a,
          minmay_misc_feat_enclosed, uniq_robin
D:4:      layout_loops_corners
D:5:      layout_rooms, chequers_temple_overflow_statue_of_worship, uniq_ijyb,
          uniq_sigmund

Skill      XL: |  1  2  3 |
---------------+----------+-----
Earth Magic    | 4 |  4.7
Spellcasting   | 3 |  3.1
Translocations | 1 |  1.4
Dodging        | |  2.4
Stealth        | |  1.4
Transmutations | |  1.2

Action                   || total
-------------------------++-------
Melee: Dagger            ||     2
 Cast: Sandblast         ||    31
       Apportation       ||     6
       Passwall          ||     4
       Stone Arrow       ||     1
Evoke: Wand              ||     1
  Use: Scroll            ||     2
Armor: Robe              ||     6
Dodge: Dodged            ||     6
